AoeStats
← davidi

Arena

505293484Analyzed
2v2 RM · 25d ago on Sep 8, 2026· 75m 15s· 4 players
Game mode
Random Map
Map size
Medium (4 player)
Population
200
Speed
Normal
Resources
Standard
Victory
Conquest
Starting age
Dark Age
Ending age
Imperial Age
RankedLock teamsTeams togetherTeam positionsShared explorationLock speedFull tech treeHidden civsTurbo modeCheats
Victory
Defeat
🇸🇰 Turks · Slovakia
1201
+17
🇸🇰 Sicilians · Slovakia
1201
+17
🇹🇷 Wei · Türkiye
1222
-17
🇹🇷 Spanish · Türkiye
1213
-17
fortunes
12:35 Feudal Age
16:18 Castle Age
20:46 Imperial Age
18:33 Double-Bit Axe
18:30 Horse Collar
30:23 Masonry
30:24 Fortified Wall
35:25 Bow Saw
35:19 Heavy Plow
35:11 Gold Mining
35:12 Stone Mining
38:58 Gold Shaft Mining
42:01 Wheelbarrow
41:13 Town Watch
41:13 Loom
42:39 Padded Archer Armor
44:35 Two-Man Saw
43:34 Capped Ram
44:30 Bloodlines
44:22 Husbandry
44:54 Conscription
45:53 Scale Barding Armor
45:59 Forging
46:07 Leather Archer Armor
46:37 Ballistics
46:13 Murder Holes
46:52 Architecture
51:09 Hand Cart
50:23 Siege Ram
53:34 Artillery
54:11 Hoardings
55:17 Chain Barding Armor
55:33 Iron Casting
55:29 Ring Archer Armor
54:51 Fletching
56:53 Plate Barding Armor
56:12 Fletching
56:52 Ring Archer Armor
56:26 Murder Holes
56:54 Bombard Tower
57:06 Sappers
60:18 Town Patrol
61:24 Blast Furnace
60:19 Bodkin Arrow
65:31 Coinage
67:19 Banking
75:34 Guilds
davidi
11:11 Feudal Age
15:11 Castle Age
13:23 Horse Collar
14:06 Double-Bit Axe
17:31 Loom
17:56 Heavy Plow
18:20 Bow Saw
25:27 Devotion
25:55 Scale Barding Armor
26:00 Forging
27:31 Chain Barding Armor
27:04 Fletching
27:46 Bloodlines
28:46 Wheelbarrow
27:57 Town Watch
28:29 Gold Mining
29:33 Iron Casting
30:35 Hand Cart
31:19 Bodkin Arrow
34:20 Imperial Age
31:51 Town Patrol
32:19 Scale Mail Armor
32:36 Husbandry
33:14 Masonry
34:55 Gold Shaft Mining
34:10 Stone Mining
35:08 Murder Holes
35:35 Ballistics
34:52 Cavalier
36:34 Plate Barding Armor
37:00 Blast Furnace
37:52 Conscription
38:20 Chain Mail Armor
41:00 Siege Engineers
41:56 Chemistry
42:03 Plate Mail Armor
42:21 Squires
42:07 Arson
43:30 Hauberk
43:47 Elite Serjeant
44:06 Light Cavalry
44:30 Elite Skirmisher
47:41 Bracer
49:55 First Crusade
60:28 Padded Archer Armor
62:44 Caravan
63:14 Coinage
62:25 Pikeman
62:50 Gambesons
72:42 Hoardings
dinosah
0:46 Loom
12:03 Feudal Age
18:17 Castle Age
18:20 Horse Collar
18:28 Double-Bit Axe
18:57 Stone Mining
21:37 Husbandry
21:47 Bloodlines
21:48 Scale Barding Armor
27:48 Wheelbarrow
27:26 Elite Skirmisher
30:49 Thumb Ring
32:12 Chain Barding Armor
41:05 Bow Saw
41:00 Heavy Plow
45:06 Pikeman
45:47 Squires
45:33 Arson
46:45 Gold Mining
47:11 Scale Mail Armor
47:22 Forging
48:26 Chain Mail Armor
51:06 Imperial Age
52:00 Iron Casting
52:23 Plate Mail Armor
52:18 Ballistics
52:09 Fortified Wall
51:55 Murder Holes
53:02 Chemistry
53:08 Halberdier
54:52 Blast Furnace
53:43 Fletching
53:53 Padded Archer Armor
57:04 Hand Cart
64:56 Two-Man Saw
64:31 Cavalier
65:51 Plate Barding Armor
65:12 Bodkin Arrow
65:32 Leather Archer Armor
65:43 Light Cavalry
69:57 Ring Archer Armor
69:28 Bracer
71:27 Conscription
narkdight
10:15 Feudal Age
12:46 Loom
15:27 Castle Age
13:47 Double-Bit Axe
14:13 Horse Collar
14:51 Gold Mining
16:27 Bow Saw
16:56 Heavy Plow
16:48 Stone Mining
21:11 Fervor
21:45 Wheelbarrow
21:50 Gold Shaft Mining
25:17 Hand Cart
25:39 Stone Shaft Mining
29:42 Imperial Age
27:48 Fletching
27:59 Padded Archer Armor
28:00 Scale Mail Armor
28:10 Forging
28:24 Bodkin Arrow
29:41 Leather Archer Armor
29:51 Thumb Ring
30:13 Ballistics
30:43 Scale Barding Armor
31:15 Iron Casting
30:55 Chain Mail Armor
31:12 Parthian Tactics
31:22 Husbandry
31:32 Bloodlines
30:43 Heavy Hei Guang Cavalry
31:11 Light Cavalry
32:36 Crop Rotation
32:13 Town Watch
33:33 Conscription
33:52 Bracer
35:20 Chemistry
34:01 Treadmill Crane
35:48 Ring Archer Armor
35:38 Chain Barding Armor
36:18 Blast Furnace
35:51 Tuntian
36:39 Murder Holes
37:42 Capped Ram
39:02 Hussar
41:28 Ming Guang Armor
40:44 Pikeman
41:25 Squires
41:10 Arson
41:57 Halberdier
45:00 Siege Ram
48:25 Elite Skirmisher
49:24 Siege Ram
53:36 Elite Tiger Cavalry
55:47 Masonry
Connection lost

Rejoining the realm…

Still unreachable

The connection could not be restored.

Session expired

The server has moved on; the page needs a fresh start.